 Dungeon Crawl Stone Soup version 0.24.0-125-gc4c63601f3 (webtiles) character file.

Game seed: 8803894181967695605, levelgen mode: deterministic

41 Descartes the Ducker (level 3, 0/17 HPs)
             Began as a Felid Monk on Mar 3, 2020.
             Slain by a gnoll
             ... wielding a +0 halberd
              (12 damage)
             ... on level 2 of the Dungeon.
             The game lasted 00:01:56 (1603 turns).

Descartes the Ducker (Felid Monk)                   Turns: 1603, Time: 00:01:57

Health: 0/17       AC:  1    Str:  8    XL:     3   Next: 32%
Magic:  4/4        EV: 20    Int: 11    God:
Gold:   44         SH:  0    Dex: 18    Spells: 2/2 levels left
                                        Lives:  0   Deaths: 0

rFire    . . .     SeeInvis +     - Unarmed
rCold    . . .     Gourm    .   (shield unavailable)
rNeg     . . .     Faith    .   (armour unavailable)
rPois    .         Spirit   .   (helmet unavailable)
rElec    .         Reflect  .   (cloak unavailable)
rCorr    .         Harm     .   (gloves unavailable)
MR       .....                  (boots unavailable)
Stlth    +++.......             (no amulet)
HPRegen  0.05/turn              (no ring)
MPRegen  0.09/turn              (no ring)

@: quick
A: very small, no armour, no weapons or thrown items, stealth, claws 1, fangs 3,
see invisible, carnivore, speed 1, shaggy fur 1, slow metabolism 1, sharp paws
a: no special abilities


You were on level 2 of the Dungeon.
You were completely stuffed.

You visited 1 branch of the dungeon, and saw 2 of its levels.

You collected 44 gold pieces.

Inventory:

Missiles
 c - 64 stones
 e - 38 arrows
Scrolls
 f - a scroll of enchant armour {unknown}
 g - 2 scrolls of teleportation {unknown}
 i - a scroll of identify {unknown}
 j - a scroll of blinking {unknown}
Potions
 b - a potion of degeneration {unknown}
 d - a potion of ambrosia {unknown}
 k - a potion of lignification {unknown}
Comestibles
 a - 3 rations


   Skills:
 + Level 3.3 Fighting
 + Level 4.4 Dodging
 + Level 3.4 Stealth
 * Level 3.6 Unarmed Combat


You had 2 spell levels left.
You didn't know any spells.
Your spell library was empty.

Dungeon Overview and Level Annotations

Branches:
Dungeon (2/15)

Altars:


Innate Abilities, Weirdness & Mutations

You cannot wear armour.
You are incapable of wielding weapons or throwing items.
Your paws allow you to move quietly. (Stealth)
You have sharp claws.
You have razor-sharp teeth.
You have supernaturally acute eyesight. (SInv)
You are carnivorous and can eat meat at any time.
You cover ground quickly.
You are covered in fur. (AC +1)
You have a slow metabolism.
Your sharp claws are effective at attacking unaware monsters.


Message History

The ball python closely misses you.
You closely miss the ball python. You bite the ball python.
The ball python is severely wounded.
The ball python misses you. x2
You closely miss the ball python.
The ball python is severely wounded.
The ball python misses you. The ball python grabs you.
The ball python constricts you.
You claw the ball python!
You kill the ball python!
You barely miss the frilled lizard. Your bite misses the frilled lizard.
The frilled lizard misses you. The gnoll misses you.
You closely miss the frilled lizard. The frilled lizard barely misses you.
You completely miss the frilled lizard. The frilled lizard bites you.
You miss the frilled lizard. The frilled lizard misses you.
The gnoll completely misses you.
You barely miss the frilled lizard. The frilled lizard bites you.
The gnoll hits you from afar with a +0 halberd!
Ouch! That really hurt!
You die...

### #.. #.# #.# #####
#######.#.....#
#.........# #.####.##.#
###########...#@....#...
+............gl........>
#######.###...#.......#.
. #.# #.########### ..
#g# #........ ... #.#
######### .... #S#
.....##l#### #.$......#


You could see a gnoll and a frilled lizard.

Vanquished Creatures
  A gnoll (D:1)
  2 dart slugs (D:1)
  2 leopard geckos (D:1)
  A ball python (D:2)
  A giant cockroach (D:1)
  2 goblins (D:1)
  3 hobgoblins (D:1)
  2 kobolds (D:1)
  3 bats (D:1)
  4 frilled lizards (D:1)
  4 rats (D:1)
25 creatures vanquished.

Notes
Turn   | Place    | Note
-------+----------+-------------------------------------------
     0 | D:1      | Descartes the Felid Monk began the quest for the Orb.
     0 | D:1      | Reached XP level 1. HP: 10/10 MP: 2/2
   373 | D:1      | Reached XP level 2. HP: 14/14 MP: 3/3
  1066 | D:1      | Reached XP level 3. HP: 16/17 MP: 4/4
  1603 | D:2      | Slain by a gnoll

Levels and vault maps discovered:
D:1:      lemuel_arrival_cross, layout_basic
D:2:      layout_basic

Skill      XL: |  1 |
---------------+----+-----
Stealth        | 3 |  3.4
Fighting       | |  3.3
Dodging        | |  4.4
Unarmed Combat | |  3.6

Action                   || total
-------------------------++-------
Melee: Unarmed           ||    55
       Bite              ||     2
 Stab: Sleeping          ||    11
  Eat: Chunk             ||     8
Armor: Skin              ||     4
Dodge: Dodged            ||    41
